Ice Dragons vs Coutelas
Created - February 17, 2021 at 19:33
Goals
|
| Ice Dragons |
1 |
0 |
0 |
1 |
| Coutelas |
1 |
1 |
4 |
6 |
|
Shots
|
| Ice Dragons |
6 |
14 |
16 |
36 |
| Coutelas |
9 |
5 |
18 |
32 |
|
1st period
1. Ice Dragons , Logan MacMillan 16 (Juho Lammikko 8) at 8:02
2. Coutelas , Teemu Pulkkinen 23 (Rhett Rakhshani 12, Patrick Sieloff 6) at 18:31
Penalties :
Logan MacMillan (Kin) for Slashing (Minor) at 9:08
2nd period
3. Coutelas , Martins Karsums 12 (Dustin Kohn 41) at 18:18
Penalties :
Corban Knight (Kin) for Interference (Minor) at 0:17, Alex Plante (Kin) for Hooking (Minor) at 4:49, Nick Mattson (MDÉ) for Hooking (Minor) at 11:21
3rd period
4. Coutelas , Ben Harpur 6 (Martins Karsums 13, Stefan Matteau 30) at 3:59 (PP)
5. Coutelas , Craig Cunningham 28 (Stefan Matteau 31, Martins Karsums 14) at 4:13
6. Coutelas , Teemu Pulkkinen 24 (Mike Amadio 9, Mike Reilly 21) at 5:20
7. Coutelas , Martins Karsums 13 (Craig Cunningham 26, Stefan Matteau 32) at 17:59 (PP)
Penalties :
Brandon Kozun (Kin) for Hooking (Minor) at 0:15, Brandon Kozun (Kin) for High sticking (Minor) at 3:16, Billy Sweat (Kin) for Slashing (Minor) at 7:15, Sam Carrick (Kin) for Holding (Minor) at 14:45, Alex Plante (Kin) for Holding (Minor) at 17:51
Goalie Stats
Chet Pickard (Kin), 12 saves from 16 shots - (0.750), L, 20-15-2, 44:13 minutes
Joacim Eriksson (Kin), 14 saves from 16 shots - (0.875), 15:47 minutes
Joe Cannata (MDÉ), 35 saves from 36 shots - (0.972), W, 22-8-3, 60:00 minutes
Players Stats for Ice Dragons
Player Name G A P +/- PIM S H SB GA TA FO MP PP MP PK MP
------------------------------------------------------------------------------------
Alex Plante 0 0 0 -2 4 0 2 1 1 0 0/0 18:23 0:45 3:55
Billy Sweat 0 0 0 -1 2 7 1 1 1 0 0/1 21:47 0:57 3:08
Brandon Kozun 0 0 0 -1 4 0 1 0 2 0 0/0 17:14 1:06 0:00
Chris Wagner 0 0 0 -1 0 2 2 0 0 0 1/1 11:05 0:10 0:00
Corban Knight 0 0 0 -1 2 1 3 0 0 1 20/41 22:03 1:05 5:44
Emil Pettersson 0 0 0 -1 0 1 0 1 0 0 0/3 13:04 0:00 3:20
Jerome Gauthier-Leduc 0 0 0 1 0 0 0 0 0 1 0/0 6:52 1:14 0:48
Juho Lammikko 0 1 1 1 0 1 0 0 0 1 0/0 5:39 0:00 0:00
Justin Shugg 0 0 0 -2 0 2 1 0 0 0 0/1 14:21 0:53 0:00
Kevin Connauton 0 0 0 -2 0 6 3 0 2 0 0/0 26:23 1:14 8:02
Logan MacMillan 1 0 1 0 2 5 2 1 0 2 0/0 18:32 0:00 5:51
Luca Sbisa 0 0 0 0 0 0 1 0 1 1 0/0 10:07 0:00 0:00
Robin Norell 0 0 0 0 0 0 1 0 0 0 0/0 18:58 0:00 7:54
Sam Carrick 0 0 0 -2 2 6 1 0 0 0 5/8 17:59 0:53 3:06
Samuel Groulx 0 0 0 -2 0 4 0 0 1 1 0/0 22:39 0:45 4:51
Theodor Blueger 0 0 0 1 0 0 0 0 0 0 1/3 7:54 0:00 1:59
William Carrier 0 0 0 -2 0 1 2 0 0 0 0/0 16:58 0:53 2:22
Zach Trotman 0 0 0 -1 0 0 1 3 0 1 0/0 17:09 0:00 0:00
Players Stats for Coutelas
Player Name G A P +/- PIM S H SB GA TA FO MP PP MP PK MP
------------------------------------------------------------------------------------
Ben Harpur 1 0 1 2 0 2 1 1 1 1 0/0 27:40 7:22 0:43
Craig Cunningham 1 1 2 1 0 3 0 0 0 0 1/2 22:14 6:51 0:52
Dustin Kohn 0 1 1 2 0 1 0 1 1 4 0/0 27:55 7:22 0:58
Julius Honka 0 0 0 0 0 0 0 0 0 0 0/0 10:45 0:00 1:01
Martins Karsums 2 2 4 1 0 5 0 0 4 0 1/2 22:27 7:00 0:56
Mattias Janmark 0 0 0 0 0 1 0 0 0 0 0/0 7:26 0:00 0:00
Mike Amadio 0 1 1 2 0 0 0 1 0 0 1/1 12:00 0:09 0:00
Mike Reilly 0 1 1 1 0 2 3 1 1 0 0/0 21:56 5:23 1:16
Mikhail Grigorenko 0 0 0 0 0 3 1 0 0 0 2/4 7:48 0:00 0:22
Nick Mattson 0 0 0 1 2 0 0 1 0 0 0/0 21:19 5:23 0:00
Nick Ritchie 0 0 0 0 0 2 5 0 0 0 2/3 17:14 5:36 0:10
Nikita Scherbak 0 0 0 0 0 0 1 0 0 0 0/0 7:26 0:00 0:00
Oliver Bjorkstrand 0 0 0 0 0 0 0 0 0 0 0/0 17:04 5:36 0:00
Patrick Sieloff 0 1 1 0 0 2 0 0 0 0 0/0 10:24 0:00 0:00
Rhett Rakhshani 0 1 1 2 0 1 0 0 1 0 0/0 12:31 0:09 0:31
Stefan Matteau 0 3 3 1 0 2 4 0 0 3 21/39 22:29 7:00 0:58
Tanner Richard 0 0 0 0 0 3 2 0 0 0 3/7 17:04 5:36 0:00
Teemu Pulkkinen 2 0 2 2 0 5 0 0 0 0 0/0 12:18 0:18 0:09
3 Stars
1 - Martins Karsums (MDÉ)
2 - Joe Cannata (MDÉ)
3 - Teemu Pulkkinen (MDÉ)
Power Play
Ice Dragons - 0 on 1 Attempt(s) - 0.00%
Coutelas - 2 on 8 Attempt(s) - 25.00%
Penalty Kill
Ice Dragons - 6 on 8 Attempt(s) - 75.00%
- Score 0 goal in Penalty Kill
Coutelas - 1 on 1 Attempt(s) - 100.00%
- Score 0 goal in Penalty Kill
Team Stat
Ice Dragons - Hits : 21 - Faceoff Wins : 27 - Blocked Shots : 7 - Penalty Minutes : 16
Coutelas - Hits : 17 - Faceoff Wins : 31 - Blocked Shots : 5 - Penalty Minutes : 2
Official
Referees : Unknown
Linesman : Unknown
Game Notes
Joacim Eriksson enters game at 4:13 of 3rd period
Finance
Level 1 -- Attendance: 1370 (68.50%) -- Ticket Income $54,800
Level 2 -- Attendance: 756 (75.60%) -- Ticket Income $15,120
Total Attendance: 2126 (70.87%)
Total Ticket Income: $69,920
Other Income: $3,496
Total Income: $73,416
Ice Dragons
5 vs 5 Forward
Center Left Wing Right Wing Time % Phy DF OF
1 Corban Knight Billy Sweat Brandon Kozun 40 1 2 2
2 Sam Carrick William Carrier Justin Shugg 30 1 2 2
3 Emil Pettersson Logan MacMillan Chris Wagner 20 1 2 2
4 Theodor Blueger Logan MacMillan Juho Lammikko 10 1 2 2
5 vs 5 Defense
Defense Defense Time % Phy DF OF
1 Kevin Connauton Samuel Groulx 40 1 2 2
2 Zach Trotman Alex Plante 30 1 2 2
3 Robin Norell Luca Sbisa 20 1 2 2
4 Jerome Gauthier-Leduc Zach Trotman 10 1 2 2
PowerPlay Forward
Center Left Wing Right Wing Time % Phy DF OF
1 Corban Knight Billy Sweat Brandon Kozun 60 1 2 2
2 Sam Carrick William Carrier Justin Shugg 40 1 2 2
PowerPlay Defense
Defense Defense Time % Phy DF OF
1 Kevin Connauton Jerome Gauthier-Leduc 60 1 2 2
2 Samuel Groulx Alex Plante 40 1 2 2
Penalty Kill 4 Players Forward
Center Wing Time % Phy DF OF
1 Corban Knight Logan MacMillan 60 1 4 0
2 Billy Sweat Sam Carrick 40 1 4 0
Penalty Kill 4 Players Defense
Defense Defense Time % Phy DF OF
1 Kevin Connauton Robin Norell 60 1 4 0
2 Samuel Groulx Alex Plante 40 1 4 0
Penalty Kill - 3 Players Forward
Forward Time % Phy DF OF
1 Corban Knight 60 1 4 0
2 Logan MacMillan 40 1 4 0
Penalty Kill - 3 Players Defense
Defense Defense Time % Phy DF OF
1 Kevin Connauton Robin Norell 60 1 4 0
2 Samuel Groulx Alex Plante 40 1 4 0
4 vs 4 Forward
Center Wing Time % Phy DF OF
1 Corban Knight Logan MacMillan 60 1 2 2
2 Billy Sweat Sam Carrick 40 1 2 2
4 vs 4 Defense
Defense Defense Time % Phy DF OF
1 Kevin Connauton Jerome Gauthier-Leduc 60 1 2 2
2 Samuel Groulx Alex Plante 40 1 2 2
Last Minutes Offensive
Center Left Wing Right Wing Defense Defense
Corban Knight Billy Sweat Brandon Kozun Kevin Connauton Jerome Gauthier-Leduc
Last Minutes Defensive
Center Left Wing Right Wing Defense Defense
Corban Knight Billy Sweat Brandon Kozun Kevin Connauton Robin Norell
Goaltenders
Starting : Chet Pickard
Backup : Joacim Eriksson
Extra Forwards
Normal : Chris Wagner, Logan MacMillan, Emil Pettersson - PP : Chris Wagner, Logan MacMillan - PK : Emil Pettersson
Extra Defensemen
Normal : Zach Trotman, Jerome Gauthier-Leduc, Samuel Groulx - PP : Zach Trotman - PK : Jerome Gauthier-Leduc, Samuel Groulx
Penalty Shots
Corban Knight, Brandon Kozun, Billy Sweat, Sam Carrick, Logan MacMillan
Scratches
Thomas Gobeil (Healthy), David Shields (Healthy), Jordan LaVallee (Strained Right Elbow Injury), Alex Henriksson (Healthy), Cole Ully (Healthy)
Mario Lucia (Healthy), Phil Di Giuseppe (Healthy), Alex Lintuniemi (Healthy), Oscar Dansk (Healthy)
Coutelas
5 vs 5 Forward
Center Left Wing Right Wing Time % Phy DF OF
1 Stefan Matteau Craig Cunningham Martins Karsums 40 1 2 2
2 Tanner Richard Nick Ritchie Oliver Bjorkstrand 30 1 2 2
3 Mike Amadio Teemu Pulkkinen Rhett Rakhshani 20 1 2 2
4 Mikhail Grigorenko Mattias Janmark Nikita Scherbak 10 1 2 2
5 vs 5 Defense
Defense Defense Time % Phy DF OF
1 Dustin Kohn Ben Harpur 40 1 2 2
2 Nick Mattson Mike Reilly 30 1 2 2
3 Patrick Sieloff Julius Honka 20 1 2 2
4 Dustin Kohn Ben Harpur 10 1 2 2
PowerPlay Forward
Center Left Wing Right Wing Time % Phy DF OF
1 Stefan Matteau Craig Cunningham Martins Karsums 60 1 2 2
2 Tanner Richard Nick Ritchie Oliver Bjorkstrand 40 1 2 2
PowerPlay Defense
Defense Defense Time % Phy DF OF
1 Dustin Kohn Ben Harpur 60 1 2 2
2 Nick Mattson Mike Reilly 40 1 2 2
Penalty Kill 4 Players Forward
Center Wing Time % Phy DF OF
1 Martins Karsums Stefan Matteau 60 1 2 2
2 Craig Cunningham Nick Ritchie 40 1 2 2
Penalty Kill 4 Players Defense
Defense Defense Time % Phy DF OF
1 Dustin Kohn Ben Harpur 60 1 2 2
2 Nick Mattson Mike Reilly 40 1 2 2
Penalty Kill - 3 Players Forward
Forward Time % Phy DF OF
1 Martins Karsums 60 1 2 2
2 Stefan Matteau 40 1 2 2
Penalty Kill - 3 Players Defense
Defense Defense Time % Phy DF OF
1 Dustin Kohn Ben Harpur 60 1 2 2
2 Nick Mattson Mike Reilly 40 1 2 2
4 vs 4 Forward
Center Wing Time % Phy DF OF
1 Martins Karsums Stefan Matteau 60 1 2 2
2 Craig Cunningham Nick Ritchie 40 1 2 2
4 vs 4 Defense
Defense Defense Time % Phy DF OF
1 Dustin Kohn Ben Harpur 60 1 2 2
2 Nick Mattson Mike Reilly 40 1 2 2
Last Minutes Offensive
Center Left Wing Right Wing Defense Defense
Stefan Matteau Craig Cunningham Martins Karsums Dustin Kohn Ben Harpur
Last Minutes Defensive
Center Left Wing Right Wing Defense Defense
Stefan Matteau Craig Cunningham Martins Karsums Dustin Kohn Ben Harpur
Goaltenders
Starting : Joe Cannata
Backup : Mackenzie Blackwood
Extra Forwards
Normal : Teemu Pulkkinen, Mike Amadio, Rhett Rakhshani - PP : Teemu Pulkkinen, Mike Amadio - PK : Rhett Rakhshani
Extra Defensemen
Normal : Patrick Sieloff, Julius Honka, Nick Mattson - PP : Patrick Sieloff - PK : Julius Honka, Nick Mattson
Penalty Shots
Martins Karsums, Stefan Matteau, Craig Cunningham, Nick Ritchie, Tanner Richard
Scratches
Ross Johnston (Healthy), Patrick Russell (Healthy), Myles Bell (Healthy), Zach Whitecloud (Healthy), Petter Granberg (Healthy)
Nick Paul (Healthy), Kurtis Gabriel (Healthy), Duncan Siemens (Healthy), Calle Andersson (Healthy), Clark Bishop (Healthy)
JJ. Piccinich (Healthy), Michael Giugovaz (Healthy)
% Time on Ice - Ice Dragons
Lines # - Real PCT - Wanted PCT - Time Play
Normal Forward
1 - 36% - 40% - 16:23
2 - 31% - 30% - 14:04
3 - 20% - 20% - 9:10
4 - 12% - 10% - 5:39
Normal Defense
1 - 37% - 40% - 16:40
2 - 30% - 30% - 13:39
3 - 22% - 20% - 10:07
4 - 11% - 10% - 4:50
PP Forward
1 - 55% - 60% - 1:06
2 - 45% - 40% - 0:53
PP Defense
1 - 62% - 60% - 1:14
2 - 38% - 40% - 0:45
PK Forward
1 - 70% - 60% - 8:55
2 - 30% - 40% - 3:50
PK Defense
1 - 62% - 60% - 7:54
2 - 38% - 40% - 4:51
PK3 Forward
1 - 0% - 60%
2 - 0% - 40%
PK3 Defense
1 - 0% - 60%
2 - 0% - 40%
44 Forward
1 - 0% - 60%
2 - 0% - 40%
44 Defense
1 - 0% - 60%
2 - 0% - 40%
Last Minute Offensive - 0:00
Last Minute Defensive - 0:00
Total
Forward - 60:00
Defense - 60:00
|
% Time on Ice - Coutelas
Lines # - Real PCT - Wanted PCT - Time Play
Normal Forward
1 - 33% - 40% - 14:43
2 - 25% - 30% - 11:28
3 - 26% - 20% - 11:39
4 - 16% - 10% - 7:26
Normal Defense
1 - 41% - 40% - 18:31
2 - 35% - 30% - 15:57
3 - 22% - 20% - 9:44
4 - 2% - 10% - 1:04
PP Forward
1 - 56% - 60% - 7:09
2 - 44% - 40% - 5:36
PP Defense
1 - 58% - 60% - 7:22
2 - 42% - 40% - 5:23
PK Forward
1 - 92% - 60% - 1:49
2 - 8% - 40% - 0:10
PK Defense
1 - 36% - 60% - 0:43
2 - 64% - 40% - 1:16
PK3 Forward
1 - 0% - 60%
2 - 0% - 40%
PK3 Defense
1 - 0% - 60%
2 - 0% - 40%
44 Forward
1 - 0% - 60%
2 - 0% - 40%
44 Defense
1 - 0% - 60%
2 - 0% - 40%
Last Minute Offensive - 0:00
Last Minute Defensive - 0:00
Total
Forward - 60:00
Defense - 60:00
|
Play-by-Play
1st period
0:01 of 1st period - Corban Knight wins face-off versus Stefan Matteau in neutral zone.
0:16 of 1st period - Dustin Kohn is hit by Kevin Connauton and loses puck.
0:27 of 1st period - Samuel Groulx is hit by Ben Harpur and loses puck.
0:36 of 1st period - Snap shot by William Carrier.
0:36 of 1st period - Shot Misses the Net.
1:44 of 1st period - Slapshot by William Carrier.
1:44 of 1st period - Deflect By Dustin Kohn.
1:44 of 1st period - Stopped by Joe Cannata with a rebound.
1:46 of 1st period - Snap shot by Justin Shugg.
1:46 of 1st period - Stopped by Joe Cannata without a rebound.
1:47 of 1st period - Stefan Matteau wins face-off versus Corban Knight in Coutelas zone.
2:12 of 1st period - Rhett Rakhshani is hit by Robin Norell and loses puck.
2:21 of 1st period - Snap shot by Teemu Pulkkinen.
2:21 of 1st period - Shot Blocked by Emil Pettersson.
2:37 of 1st period - Slapshot by Nick Ritchie.
2:37 of 1st period - Shot Misses the Net.
2:43 of 1st period - Oliver Bjorkstrand is hit by William Carrier.
4:54 of 1st period - Teemu Pulkkinen is hit by Corban Knight and loses puck.
5:25 of 1st period - Kevin Connauton is hit by Stefan Matteau and loses puck.
5:32 of 1st period - Snap shot by Craig Cunningham.
5:32 of 1st period - Shot Misses the Net.
6:03 of 1st period - Theodor Blueger is hit by Nick Ritchie and loses puck.
6:33 of 1st period - Wrist shot by Martins Karsums.
6:33 of 1st period - Shot Misses the Net.
6:35 of 1st period - Backhand shot by Patrick Sieloff.
6:35 of 1st period - Stopped by Chet Pickard with a rebound.
6:55 of 1st period - Billy Sweat is hit by Mikhail Grigorenko and loses puck.
8:02 of 1st period - Slapshot by Logan MacMillan.
8:02 of 1st period - Goal by Logan MacMillan - Ice Dragons : 1 - Coutelas : 0.
8:03 of 1st period - Stefan Matteau wins face-off versus Justin Shugg in neutral zone.
8:08 of 1st period - Martins Karsums is hit by Alex Plante and loses puck.
8:17 of 1st period - Wrist shot by Stefan Matteau.
8:17 of 1st period - Stopped by Chet Pickard with a rebound.
8:53 of 1st period - Wrist shot by Logan MacMillan.
8:53 of 1st period - Stopped by Joe Cannata without a rebound.
8:54 of 1st period - Tanner Richard wins face-off versus Theodor Blueger in Coutelas zone.
9:08 of 1st period - Minor Penalty to Logan MacMillan for Slashing.
9:09 of 1st period - Corban Knight wins face-off versus Stefan Matteau in Ice Dragons zone.
11:08 of 1st period - Penalty to Logan MacMillan is over, Logan MacMillan is back on ice.
11:34 of 1st period - Snap shot by Mikhail Grigorenko.
11:34 of 1st period - Deflect By Mattias Janmark.
11:34 of 1st period - Stopped by Chet Pickard with a rebound.
13:47 of 1st period - Patrick Sieloff is hit by Chris Wagner and loses puck.
14:24 of 1st period - Brandon Kozun is hit by Nikita Scherbak and loses puck.
15:00 of 1st period - Martins Karsums is hit by Alex Plante and loses puck.
15:17 of 1st period - Snap shot by Mikhail Grigorenko.
15:17 of 1st period - Stopped by Chet Pickard with a rebound.
16:17 of 1st period - Robin Norell is hit by Nick Ritchie and loses puck.
16:22 of 1st period - Slapshot by Tanner Richard.
16:22 of 1st period - Stopped by Chet Pickard with a rebound.
16:24 of 1st period - Slapshot by Dustin Kohn.
16:24 of 1st period - Stopped by Chet Pickard with a rebound.
16:26 of 1st period - Snap shot by Tanner Richard.
16:26 of 1st period - Stopped by Chet Pickard without a rebound.
16:27 of 1st period - Stefan Matteau wins face-off versus Emil Pettersson in Ice Dragons zone.
16:40 of 1st period - Slapshot by Martins Karsums.
16:40 of 1st period - Stopped by Chet Pickard without a rebound.
16:41 of 1st period - Stefan Matteau wins face-off versus Sam Carrick in Ice Dragons zone.
17:28 of 1st period - Teemu Pulkkinen is hit by Logan MacMillan and loses puck.
17:51 of 1st period - Wrist shot by Sam Carrick.
17:51 of 1st period - Stopped by Joe Cannata with a rebound.
18:31 of 1st period - Wrist shot by Teemu Pulkkinen.
18:31 of 1st period - Goal by Teemu Pulkkinen - Ice Dragons : 1 - Coutelas : 1.
18:32 of 1st period - Stefan Matteau wins face-off versus Corban Knight in neutral zone.
19:30 of 1st period - Wrist shot by Emil Pettersson.
19:30 of 1st period - Shot Misses the Net.
19:32 of 1st period - Slapshot by Kevin Connauton.
19:32 of 1st period - Stopped by Joe Cannata without a rebound.
19:33 of 1st period - Corban Knight wins face-off versus Martins Karsums in Coutelas zone.
19:58 of 1st period - Nick Ritchie is hit by William Carrier and loses puck.
Goals for this period are 1 for Ice Dragons vs 1 for Coutelas.
Shots for this period are 6 for Ice Dragons vs 9 for Coutelas.
2nd period
0:01 of 2nd period - Corban Knight wins face-off versus Stefan Matteau in neutral zone.
0:17 of 2nd period - Minor Penalty to Corban Knight for Interference.
0:18 of 2nd period - Stefan Matteau wins face-off versus Emil Pettersson in Ice Dragons zone.
0:34 of 2nd period - Slapshot by Martins Karsums.
0:34 of 2nd period - Stopped by Chet Pickard with a rebound.
1:20 of 2nd period - Snap shot by Sam Carrick.
1:20 of 2nd period - Stopped by Joe Cannata without a rebound.
1:21 of 2nd period - Tanner Richard wins face-off versus Billy Sweat in Coutelas zone.
1:36 of 2nd period - Samuel Groulx is hit by Stefan Matteau and loses puck.
2:17 of 2nd period - Penalty to Corban Knight is over, Corban Knight is back on ice.
2:19 of 2nd period - Snap shot by Corban Knight.
2:19 of 2nd period - Shot Blocked by Ben Harpur.
3:09 of 2nd period - Slapshot by Tanner Richard.
3:09 of 2nd period - Shot Blocked by Zach Trotman.
3:11 of 2nd period - Slapshot by Mike Reilly.
3:11 of 2nd period - Shot Blocked by Zach Trotman.
3:13 of 2nd period - Slapshot by Mike Reilly.
3:13 of 2nd period - Stopped by Chet Pickard with a rebound.
3:15 of 2nd period - Slapshot by Mike Reilly.
3:15 of 2nd period - Deflect By Oliver Bjorkstrand.
3:15 of 2nd period - Shot Misses the Net.
3:15 of 2nd period - Puck is out of play.
3:16 of 2nd period - Mike Amadio wins face-off versus Corban Knight in Ice Dragons zone.
3:47 of 2nd period - Wrist shot by Logan MacMillan.
3:47 of 2nd period - Shot Blocked by Mike Reilly.
4:49 of 2nd period - Minor Penalty to Alex Plante for Hooking.
4:50 of 2nd period - Stefan Matteau wins face-off versus Corban Knight in Ice Dragons zone.
4:54 of 2nd period - Wrist shot by Martins Karsums.
4:54 of 2nd period - Shot Misses the Net.
4:56 of 2nd period - Slapshot by Mike Reilly.
4:56 of 2nd period - Shot Misses the Net.
5:16 of 2nd period - Corban Knight is hit by Tanner Richard.
5:20 of 2nd period - Oliver Bjorkstrand is hit by Logan MacMillan.
5:24 of 2nd period - Samuel Groulx is hit by Nick Ritchie and loses puck.
6:44 of 2nd period - Mike Reilly is hit by Sam Carrick.
6:49 of 2nd period - Penalty to Alex Plante is over, Alex Plante is back on ice.
7:21 of 2nd period - Snap shot by Sam Carrick.
7:21 of 2nd period - Stopped by Joe Cannata without a rebound.
7:22 of 2nd period - Chris Wagner wins face-off versus Mikhail Grigorenko in Coutelas zone.
7:23 of 2nd period - Snap shot by Logan MacMillan.
7:23 of 2nd period - Shot Misses the Net.
7:25 of 2nd period - Slapshot by Zach Trotman.
7:25 of 2nd period - Shot Blocked by Nick Mattson.
7:27 of 2nd period - Wrist shot by Chris Wagner.
7:27 of 2nd period - Stopped by Joe Cannata without a rebound.
7:28 of 2nd period - Mikhail Grigorenko wins face-off versus Emil Pettersson in Coutelas zone.
8:58 of 2nd period - Robin Norell is hit by Stefan Matteau and loses puck.
9:23 of 2nd period - Snap shot by Mattias Janmark.
9:23 of 2nd period - Shot Blocked by Billy Sweat.
9:41 of 2nd period - Snap shot by Samuel Groulx.
9:41 of 2nd period - Stopped by Joe Cannata with a rebound.
9:54 of 2nd period - Off-side.
9:55 of 2nd period - Theodor Blueger wins face-off versus Tanner Richard in neutral zone.
10:02 of 2nd period - Snap shot by Juho Lammikko.
10:02 of 2nd period - Stopped by Joe Cannata with a rebound.
10:04 of 2nd period - Wrist shot by Logan MacMillan.
10:04 of 2nd period - Stopped by Joe Cannata without a rebound.
10:05 of 2nd period - Stefan Matteau wins face-off versus Corban Knight in Coutelas zone.
10:12 of 2nd period - Wrist shot by Stefan Matteau.
10:12 of 2nd period - Deflect By Craig Cunningham.
10:12 of 2nd period - Stopped by Chet Pickard without a rebound.
10:13 of 2nd period - Craig Cunningham wins face-off versus Corban Knight in Ice Dragons zone.
10:48 of 2nd period - Snap shot by William Carrier.
10:48 of 2nd period - Shot Misses the Net.
11:04 of 2nd period - Snap shot by Logan MacMillan.
11:04 of 2nd period - Stopped by Joe Cannata without a rebound.
11:05 of 2nd period - Stefan Matteau wins face-off versus Corban Knight in Coutelas zone.
11:21 of 2nd period - Minor Penalty to Nick Mattson for Hooking.
11:22 of 2nd period - Martins Karsums wins face-off versus Corban Knight in Coutelas zone.
11:51 of 2nd period - Slapshot by Kevin Connauton.
11:51 of 2nd period - Stopped by Joe Cannata with a rebound.
11:53 of 2nd period - Wrist shot by William Carrier.
11:53 of 2nd period - Shot Blocked by Dustin Kohn.
11:55 of 2nd period - Snap shot by Justin Shugg.
11:55 of 2nd period - Stopped by Joe Cannata with a rebound.
13:21 of 2nd period - Penalty to Nick Mattson is over, Nick Mattson is back on ice.
13:38 of 2nd period - Theodor Blueger is hit by Nick Ritchie and loses puck.
14:25 of 2nd period - Wrist shot by Mattias Janmark.
14:25 of 2nd period - Shot Misses the Net.
15:20 of 2nd period - Logan MacMillan is hit by Mike Reilly and loses puck.
16:21 of 2nd period - Off-side.
16:22 of 2nd period - Sam Carrick wins face-off versus Stefan Matteau in neutral zone.
16:28 of 2nd period - Julius Honka is hit by Luca Sbisa and loses puck.
17:10 of 2nd period - Snap shot by Emil Pettersson.
17:10 of 2nd period - Stopped by Joe Cannata without a rebound.
17:11 of 2nd period - Corban Knight wins face-off versus Stefan Matteau in Coutelas zone.
17:24 of 2nd period - Wrist shot by Billy Sweat.
17:24 of 2nd period - Stopped by Joe Cannata with a rebound.
17:26 of 2nd period - Snap shot by Corban Knight.
17:26 of 2nd period - Shot Misses the Net.
17:36 of 2nd period - Logan MacMillan is hit by Nick Ritchie.
17:46 of 2nd period - Wrist shot by Nick Ritchie.
17:46 of 2nd period - Deflect By Tanner Richard.
17:46 of 2nd period - Stopped by Chet Pickard without a rebound.
17:47 of 2nd period - Tanner Richard wins face-off versus Corban Knight in Ice Dragons zone.
18:18 of 2nd period - Wrist shot by Martins Karsums.
18:18 of 2nd period - Goal by Martins Karsums - Ice Dragons : 1 - Coutelas : 2.
18:19 of 2nd period - Corban Knight wins face-off versus Craig Cunningham in neutral zone.
18:38 of 2nd period - Dustin Kohn is hit by Kevin Connauton and loses puck.
18:58 of 2nd period - Slapshot by William Carrier.
18:58 of 2nd period - Shot Misses the Net.
19:17 of 2nd period - Slapshot by Zach Trotman.
19:17 of 2nd period - Deflect By Chris Wagner.
19:17 of 2nd period - Stopped by Joe Cannata without a rebound.
19:18 of 2nd period - Corban Knight wins face-off versus Stefan Matteau in Coutelas zone.
19:21 of 2nd period - Wrist shot by Billy Sweat.
19:21 of 2nd period - Stopped by Joe Cannata without a rebound.
19:22 of 2nd period - Stefan Matteau wins face-off versus Corban Knight in Coutelas zone.
19:57 of 2nd period - Wrist shot by Sam Carrick.
19:57 of 2nd period - Stopped by Joe Cannata without a rebound.
19:58 of 2nd period - Corban Knight wins face-off versus Stefan Matteau in Coutelas zone.
Goals for this period are 0 for Ice Dragons vs 1 for Coutelas.
Shots for this period are 14 for Ice Dragons vs 5 for Coutelas.
3rd period
0:01 of 3rd period - Corban Knight wins face-off versus Stefan Matteau in neutral zone.
0:06 of 3rd period - Slapshot by Samuel Groulx.
0:06 of 3rd period - Stopped by Joe Cannata without a rebound.
0:07 of 3rd period - Stefan Matteau wins face-off versus Corban Knight in Coutelas zone.
0:15 of 3rd period - Minor Penalty to Brandon Kozun for Hooking.
0:16 of 3rd period - Stefan Matteau wins face-off versus Corban Knight in Ice Dragons zone.
1:37 of 3rd period - Nick Ritchie is hit by Kevin Connauton and loses puck.
2:15 of 3rd period - Penalty to Brandon Kozun is over, Brandon Kozun is back on ice.
2:18 of 3rd period - Alex Plante is hit by Mike Reilly and loses puck.
3:06 of 3rd period - Ben Harpur is hit by Brandon Kozun.
3:16 of 3rd period - Minor Penalty to Brandon Kozun for High sticking.
3:17 of 3rd period - Nick Ritchie wins face-off versus Corban Knight in Ice Dragons zone.
3:57 of 3rd period - Wrist shot by Martins Karsums.
3:57 of 3rd period - Shot Misses the Net.
3:59 of 3rd period - Slapshot by Ben Harpur.
3:59 of 3rd period - Goal by Ben Harpur - Ice Dragons : 1 - Coutelas : 3.
4:00 of 3rd period - Stefan Matteau wins face-off versus Corban Knight in neutral zone.
4:13 of 3rd period - Snap shot by Craig Cunningham.
4:13 of 3rd period - Goal by Craig Cunningham - Ice Dragons : 1 - Coutelas : 4.
4:13 of 3rd period - Joacim Eriksson enters game.
4:14 of 3rd period - Corban Knight wins face-off versus Stefan Matteau in neutral zone.
4:23 of 3rd period - Wrist shot by Billy Sweat.
4:23 of 3rd period - Stopped by Joe Cannata without a rebound.
4:24 of 3rd period - Corban Knight wins face-off versus Stefan Matteau in Coutelas zone.
4:25 of 3rd period - Wrist shot by Billy Sweat.
4:25 of 3rd period - Stopped by Joe Cannata with a rebound.
4:27 of 3rd period - Wrist shot by Billy Sweat.
4:27 of 3rd period - Deflect By Corban Knight.
4:27 of 3rd period - Stopped by Joe Cannata without a rebound.
4:28 of 3rd period - Stefan Matteau wins face-off versus Corban Knight in Coutelas zone.
4:55 of 3rd period - Ben Harpur is hit by Justin Shugg and loses puck.
5:11 of 3rd period - Zach Trotman is hit by Mike Reilly and loses puck.
5:18 of 3rd period - Wrist shot by Mike Reilly.
5:18 of 3rd period - Shot Blocked by Zach Trotman.
5:20 of 3rd period - Slapshot by Mike Amadio.
5:20 of 3rd period - Deflect By Teemu Pulkkinen.
5:20 of 3rd period - Goal by Teemu Pulkkinen - Ice Dragons : 1 - Coutelas : 5.
5:21 of 3rd period - Stefan Matteau wins face-off versus Corban Knight in neutral zone.
5:21 of 3rd period - Stefan Matteau is hit by Corban Knight.
5:53 of 3rd period - Icing by Justin Shugg.
5:54 of 3rd period - Nick Ritchie wins face-off versus Sam Carrick in Ice Dragons zone.
6:03 of 3rd period - Slapshot by Nick Ritchie.
6:03 of 3rd period - Stopped by Joacim Eriksson with a rebound.
6:21 of 3rd period - Wrist shot by Sam Carrick.
6:21 of 3rd period - Stopped by Joe Cannata without a rebound.
6:22 of 3rd period - Corban Knight wins face-off versus Stefan Matteau in Coutelas zone.
6:23 of 3rd period - Snap shot by Billy Sweat.
6:23 of 3rd period - Stopped by Joe Cannata without a rebound.
6:24 of 3rd period - Corban Knight wins face-off versus Stefan Matteau in Coutelas zone.
6:39 of 3rd period - Snap shot by Billy Sweat.
6:39 of 3rd period - Stopped by Joe Cannata without a rebound.
6:40 of 3rd period - Sam Carrick wins face-off versus Tanner Richard in Coutelas zone.
7:05 of 3rd period - Dustin Kohn is hit by Corban Knight and loses puck.
7:15 of 3rd period - Minor Penalty to Billy Sweat for Slashing.
7:16 of 3rd period - Stefan Matteau wins face-off versus Corban Knight in Ice Dragons zone.
7:18 of 3rd period - Wrist shot by Craig Cunningham.
7:18 of 3rd period - Shot Misses the Net.
9:15 of 3rd period - Penalty to Billy Sweat is over, Billy Sweat is back on ice.
9:29 of 3rd period - Snap shot by Rhett Rakhshani.
9:29 of 3rd period - Stopped by Joacim Eriksson with a rebound.
9:41 of 3rd period - Teemu Pulkkinen is hit by Chris Wagner and loses puck.
9:46 of 3rd period - Wrist shot by Billy Sweat.
9:46 of 3rd period - Shot Blocked by Mike Amadio.
9:48 of 3rd period - Wrist shot by Chris Wagner.
9:48 of 3rd period - Shot Hit the Post.
10:07 of 3rd period - Snap shot by Rhett Rakhshani.
10:07 of 3rd period - Deflect By Teemu Pulkkinen.
10:07 of 3rd period - Stopped by Joacim Eriksson without a rebound.
10:08 of 3rd period - Sam Carrick wins face-off versus Tanner Richard in Ice Dragons zone.
10:17 of 3rd period - Wrist shot by William Carrier.
10:17 of 3rd period - Shot Hit the Post.
10:19 of 3rd period - Slapshot by Samuel Groulx.
10:19 of 3rd period - Shot Misses the Net.
10:21 of 3rd period - Snap shot by Kevin Connauton.
10:21 of 3rd period - Stopped by Joe Cannata without a rebound.
10:22 of 3rd period - Sam Carrick wins face-off versus Stefan Matteau in Coutelas zone.
10:29 of 3rd period - Backhand shot by Craig Cunningham.
10:29 of 3rd period - Stopped by Joacim Eriksson without a rebound.
10:30 of 3rd period - Stefan Matteau wins face-off versus Sam Carrick in Ice Dragons zone.
12:06 of 3rd period - Martins Karsums is hit by Billy Sweat and loses puck.
12:11 of 3rd period - Wrist shot by Corban Knight.
12:11 of 3rd period - Shot Misses the Net.
12:13 of 3rd period - Slapshot by Samuel Groulx.
12:13 of 3rd period - Stopped by Joe Cannata without a rebound.
12:14 of 3rd period - Corban Knight wins face-off versus Nick Ritchie in Coutelas zone.
12:17 of 3rd period - Snap shot by Billy Sweat.
12:17 of 3rd period - Stopped by Joe Cannata with a rebound.
12:19 of 3rd period - Slapshot by Kevin Connauton.
12:19 of 3rd period - Stopped by Joe Cannata without a rebound.
12:20 of 3rd period - Corban Knight wins face-off versus Tanner Richard in Coutelas zone.
12:27 of 3rd period - Snap shot by Nick Ritchie.
12:27 of 3rd period - Stopped by Joacim Eriksson without a rebound.
12:28 of 3rd period - Stefan Matteau wins face-off versus Corban Knight in Ice Dragons zone.
12:29 of 3rd period - Snap shot by Martins Karsums.
12:29 of 3rd period - Shot Misses the Net.
12:31 of 3rd period - Slapshot by Ben Harpur.
12:31 of 3rd period - Stopped by Joacim Eriksson without a rebound.
12:32 of 3rd period - Corban Knight wins face-off versus Stefan Matteau in Ice Dragons zone.
12:43 of 3rd period - Slapshot by Stefan Matteau.
12:43 of 3rd period - Stopped by Joacim Eriksson with a rebound.
12:45 of 3rd period - Snap shot by Martins Karsums.
12:45 of 3rd period - Stopped by Joacim Eriksson with a rebound.
12:59 of 3rd period - Slapshot by Samuel Groulx.
12:59 of 3rd period - Stopped by Joe Cannata with a rebound.
13:01 of 3rd period - Slapshot by Sam Carrick.
13:01 of 3rd period - Stopped by Joe Cannata with a rebound.
13:03 of 3rd period - Slapshot by Kevin Connauton.
13:03 of 3rd period - Stopped by Joe Cannata with a rebound.
13:05 of 3rd period - Snap shot by Kevin Connauton.
13:05 of 3rd period - Stopped by Joe Cannata without a rebound.
13:06 of 3rd period - Stefan Matteau wins face-off versus Corban Knight in Coutelas zone.
13:11 of 3rd period - Slapshot by Mike Reilly.
13:11 of 3rd period - Stopped by Joacim Eriksson with a rebound.
13:31 of 3rd period - Craig Cunningham is hit by Zach Trotman and loses puck.
14:32 of 3rd period - Slapshot by Patrick Sieloff.
14:32 of 3rd period - Deflect By Juho Lammikko.
14:32 of 3rd period - Stopped by Joacim Eriksson with a rebound.
14:34 of 3rd period - Slapshot by Julius Honka.
14:34 of 3rd period - Shot Blocked by Alex Plante.
14:36 of 3rd period - Snap shot by Mikhail Grigorenko.
14:36 of 3rd period - Stopped by Joacim Eriksson without a rebound.
14:37 of 3rd period - Sam Carrick wins face-off versus Mikhail Grigorenko in Ice Dragons zone.
14:45 of 3rd period - Minor Penalty to Sam Carrick for Holding.
14:46 of 3rd period - Corban Knight wins face-off versus Stefan Matteau in Ice Dragons zone.
15:02 of 3rd period - Icing by Stefan Matteau.
15:03 of 3rd period - Corban Knight wins face-off versus Stefan Matteau in Coutelas zone.
15:09 of 3rd period - Off-side.
15:10 of 3rd period - Corban Knight wins face-off versus Stefan Matteau in neutral zone.
15:14 of 3rd period - Kevin Connauton is hit by Stefan Matteau and loses puck.
15:38 of 3rd period - Wrist shot by Nick Ritchie.
15:38 of 3rd period - Shot Blocked by Logan MacMillan.
16:45 of 3rd period - Penalty to Sam Carrick is over, Sam Carrick is back on ice.
17:03 of 3rd period - Wrist shot by Teemu Pulkkinen.
17:03 of 3rd period - Stopped by Joacim Eriksson with a rebound.
17:05 of 3rd period - Slapshot by Rhett Rakhshani.
17:05 of 3rd period - Deflect By Teemu Pulkkinen.
17:05 of 3rd period - Stopped by Joacim Eriksson with a rebound.
17:15 of 3rd period - Wrist shot by Sam Carrick.
17:15 of 3rd period - Deflect By Theodor Blueger.
17:15 of 3rd period - Shot Misses the Net.
17:15 of 3rd period - Puck is out of play.
17:16 of 3rd period - Mikhail Grigorenko wins face-off versus Theodor Blueger in Coutelas zone.
17:29 of 3rd period - Wrist shot by Mikhail Grigorenko.
17:29 of 3rd period - Stopped by Joacim Eriksson without a rebound.
17:30 of 3rd period - Stefan Matteau wins face-off versus Corban Knight in Ice Dragons zone.
17:51 of 3rd period - Minor Penalty to Alex Plante for Holding.
17:52 of 3rd period - Stefan Matteau wins face-off versus Corban Knight in Ice Dragons zone.
17:59 of 3rd period - Snap shot by Martins Karsums.
17:59 of 3rd period - Goal by Martins Karsums - Ice Dragons : 1 - Coutelas : 6.
18:00 of 3rd period - Corban Knight wins face-off versus Stefan Matteau in neutral zone.
18:26 of 3rd period - Justin Shugg is hit by Tanner Richard and loses puck.
18:55 of 3rd period - Snap shot by Logan MacMillan.
18:55 of 3rd period - Stopped by Joe Cannata with a rebound.
Goals for this period are 0 for Ice Dragons vs 4 for Coutelas.
Shots for this period are 16 for Ice Dragons vs 18 for Coutelas.